 Dungeon Crawl Stone Soup version 0.30.0-29-ga12c61a403 (webtiles) character file.

Game seed: 9818955944385087148

49 McKennaii the Trooper (level 3, -1/29 HPs)
             Began as a Demonspawn Fighter on June 5, 2023.
             Slain by a gnoll
             ... wielding a +0 spear
              (7 damage)
             ... on level 4 of the Dungeon.
             The game lasted 00:01:05 (713 turns).

McKennaii the Trooper (Demonspawn Fighter)           Turns: 713, Time: 00:01:06

Health: -1/29      AC:  6    Str: 16    XL:     3   Next: 51%
Magic:  3/4        EV:  8    Int: 13    God:
Gold:   46         SH:  4    Dex: 12    Spells: 3/3 levels left

rFire   . . .        a - +0 trident
rCold   . . .        c - +0 buckler
rNeg    . . .        b - +0 scale mail
rPois   .            (no helmet)
rElec   .            (no cloak)
rCorr   .            (no gloves)
SInv    .            (no boots)
Will    .....        (no amulet) Stlth
                     f - ring of wizardry
HPRegen 0.24/turn    (no ring)
MPRegen 0.09/turn

%: wizardry (x1)
@: no status effects
A: big brain 1
a: no special abilities


You were on level 4 of the Dungeon.
You visited 1 branch of the dungeon, and saw 3 of its levels.

You collected 46 gold pieces.

Inventory:

Hand Weapons
 a - a +0 trident (weapon)
Armour
 b - a +0 scale mail (worn)
 c - a +0 buckler (worn)
Jewellery
 f - a ring of wizardry (left hand)
Potions
 d - a potion of might


   Skills:
 + Level 3.4 Fighting
 + Level 2.3 Polearms
 + Level 3.1 Armour
 - Level 3.0 Shields
 + Level 0.8 Spellcasting


You had 3 spell levels left.
You didn't know any spells.
Your spell library was empty.

Dungeon Overview and Level Annotations

Branches:
Dungeon (2/15)

Altars:


Innate Abilities, Weirdness & Mutations

You have an unusually large brain. (Int +2)


Message History

You hit the gnoll.
The gnoll is severely wounded.
The gnoll hits you with a +0 whip. The gnoll completely misses you.
You barely miss the gnoll.
The gnoll is severely wounded.
The gnoll hits you but does no damage.
The gnoll hits you from afar with a +0 spear.
The gnoll hits you with a +0 whip.
* * * LOW HITPOINT WARNING * * *
The gnoll barely misses you.
A hobgoblin comes into view.
Okay, then.
The air fills with toxic fumes!
As you read the scroll labelled POLOCI KYECH, it crumbles to dust.
It was a scroll of poison.
The hobgoblin shouts!
The gnoll hits you but does no damage. You block the gnoll's attack.
Unknown command.
You closely miss the gnoll.
The gnoll is severely wounded.
The gnoll hits you with a +0 whip.
* * * LOW HITPOINT WARNING * * *
The gnoll barely misses you.
Unknown command.
You hit the gnoll.
The gnoll is almost dead.
You block the gnoll's attack. The gnoll misses you.
Unknown command.
You hit the gnoll.
You kill the gnoll!
The gnoll hits you from afar with a +0 spear.
* * * LOW HITPOINT WARNING * * *
Unknown command.
Okay, then.
Reach: a) +0 trident
Press: ? - help, Dir - move target, f - gnoll
Aim: a gnoll, wielding a +0 spear (about 39% to evade your +0 trident)
You reach to attack!
You barely miss the gnoll.
The gnoll hits you from afar with a +0 spear!
You die...

#.....##
##......
.....#
#.gg#
#..[#
#)..#
#...#
#§☼§####
#§§§g§@#
#☼§§§☼)#
#§☼☼§§§#
#§§§§§§#
########


You could see a gnoll.

Vanquished Creatures
  2 gnolls
  A dart slug (D:1)
  4 bats (D:1)
  3 endoplasms (D:1)
  2 giant cockroaches (D:1)
  3 goblins (D:1)
  A hobgoblin (D:1)
  5 kobolds (D:1)
  A quokka (D:1)
  A ball python (D:1)
  A frilled lizard (D:1)
  3 rats (D:1)
27 creatures vanquished.

Notes
Turn   | Place    | Note
-------+----------+-------------------------------------------
     0 | D:1      | McKennaii the Demonspawn Fighter began the quest for the
                  | Orb.
     0 | D:1      | Reached XP level 1. HP: 18/18 MP: 1/1
    81 | D:1      | Gained mutation: You have an unusually large brain. (Int
                  | +2) [demonic ancestry]
    81 | D:1      | Reached XP level 2. HP: 16/24 MP: 2/2
   391 | D:1      | Reached XP level 3. HP: 28/29 MP: 3/3
   686 | D:2      | Found a faded altar of an unknown god.
   686 | D:2      | You fall into a shaft and drop 2 floors!
   713 | D:4      | Slain by a gnoll

Illustrated notes

Levels and vault maps discovered:
D:1:      amcnicky_arrival_wind_blow, layout_rooms
D:2:      layout_loops_ring, nicolae_ecumenical_pavilion
D:4:      layout_basic, minmay_temple_entry_overgrown, minmay_bisected,
          uniq_menkaure

Skill      XL: |  1  2 |
---------------+-------+-----
Polearms       | 2 |  2.3
Armour         | 3 |  3.1
Shields        | 3 |  3.0
Fighting       | |  3.4
Spellcasting   | |  0.8

Action                     || total
---------------------------++-------
  Melee: Trident           ||    82
    Use: Scroll            ||     1
 Armour: Scale mail        ||    27
  Dodge: Dodged            ||    27
  Block: Buckler           ||    14
